Map: Beckett Industries LE

Players

sOs

  • Race: Protoss Protoss

HeroMarine - Winner!

  • Race: Terran Terran

Event: DreamHack SC2 Masters 2021 Fall

VOD

Have the link to the VOD?

Description

Time

  • Played on: Sept. 7, 2021, 1:17 p.m.
  • Length: 10:30

All games in this series

Show
View Real Time Build Order
Export as new Build Order

sOs Protoss 

Build Orders:  

Get SALT Encoding   

  12  0:01  Probe  
  13  0:13  Probe  
  14  0:20  Pylon  
  14  0:25  Probe  
  15  0:35  Pylon  
  15  0:38  Probe  
  16  0:54  Gateway  
  16  0:59  Gateway  
  17  1:09  Gateway  
  16  1:12  Probe  
  17  1:22  Gateway  
  17  1:24  Probe  
  18  1:28  Assimilator  
  18  1:30  Assimilator  
  18  1:36  Probe  
  19  1:46  Pylon  
  20  1:58  Cybernetics Core  
  22  2:11  Probe  
  22  2:16  Gateway  
  22  2:24  Probe  
  22  2:27  Pylon  
  21  2:35  Shield Battery  
  18  3:00  Stargate  
  18  3:07  Adept (Chrono Boost)  
  20  3:19  Shield Battery  
  20  3:25  Shield Battery  
  20  3:29  Probe  
  21  3:36  Void Ray (Chrono Boost)  
  25  3:52  Shield Battery  
  24  4:05  Probe  
  24  4:08  Void Ray (Chrono Boost)  
  25  4:22  Probe  
  30  4:34  Probe  
  30  4:37  Pylon, Adept  
  33  4:48  Pylon  
  33  4:52  Void Ray  
  37  5:06  Shield Battery  
  37  5:08  Probe  
  38  5:27  Probe  
  38  5:28  Gateway  
  39  5:36  Phoenix  
  39  5:40  Probe  
  40  5:58  Pylon, Sentry  
  40  6:01  Warp Gate, Phoenix (Chrono Boost)  
  44  6:14  Pylon  
  44  6:18  Phoenix (Chrono Boost)  
  46  6:43  Phoenix  
  48  6:47  Pylon  
  48  6:58  Nexus  
  48  7:03  Probe  
  49  7:21  Probe  
  49  7:22  Zealot x2  
  54  7:27  Gateway  
  54  7:36  Shield Battery  
  54  7:37  Probe (Chrono Boost)  
  55  7:49  Probe (Chrono Boost)  
  55  7:54  Probe (Chrono Boost)  
  55  7:57  Sentry, Zealot  
  60  8:04  Probe (Chrono Boost)  
  61  8:12  Twilight Council  
  61  8:13  Probe (Chrono Boost)  
  61  8:16  Probe (Chrono Boost)  
  63  8:22  Probe (Chrono Boost)  
  63  8:23  Sentry, Probe (Chrono Boost)  
  67  8:28  Probe  
  67  8:30  Probe  
  69  8:38  Zealot x2  
  73  8:41  Probe  
  73  8:42  Probe  
  73  8:46  Charge (Chrono Boost)  
  75  9:00  Templar Archives  
  75  9:01  Pylon  
  75  9:02  Probe  
  76  9:03  Probe  
  76  9:06  Assimilator  
  76  9:08  Assimilator  
  77  9:16  Probe x2  
  78  9:30  Gateway  
  78  9:32  Gateway  
  76  9:44  High Templar x2, Zealot  
  78  9:45  Probe x2  
  78  10:04  Archon  
  74  10:09  Zealot  
  64  10:20  Zealot x2  
Show
View Real Time Build Order
Export as new Build Order

HeroMarine Terran - Winner!

Build Orders:  

Get SALT Encoding   

  12  0:00  SCV  
  13  0:12  SCV  
  14  0:17  Supply Depot  
  14  0:24  SCV  
  14  0:27  Refinery  
  15  0:38  SCV  
  16  0:46  Barracks  
  16  0:50  SCV  
  17  1:02  SCV  
  18  1:15  SCV  
  19  1:27  SCV  
  20  1:33  Reaper  
  21  1:44  Orbital Command  
  21  2:04  Marine  
  22  2:18  SCV  
  23  2:30  Supply Depot  
  23  2:51  Refinery  
  23  2:52  Marine, SCV  
  25  3:00  Barracks  
  25  3:04  SCV  
  26  3:10  Marine  
  27  3:16  SCV  
  28  3:24  Supply Depot  
  28  3:27  Marine  
  28  3:28  SCV, Factory  
  30  3:34  Engineering Bay  
  30  3:40  SCV  
  31  3:43  Bunker  
  31  3:45  Marine  
  31  3:47  Barracks Tech Lab  
  32  3:53  SCV  
  31  4:03  Marine  
  31  4:05  SCV  
  32  4:10  Missile Turret  
  32  4:14  Missile Turret x2  
  32  4:17  Supply Depot  
  32  4:21  Marine  
  32  4:23  Cyclone  
  35  4:28  Mag-Field Accelerator  
  35  4:30  Marine  
  31  4:38  SCV  
  31  4:39  Marine  
  33  4:47  Marine  
  33  4:55  Cyclone, SCV  
  37  5:02  Marine  
  37  5:05  Marine  
  39  5:10  Missile Turret  
  39  5:16  Supply Depot  
  39  5:36  Starport  
  39  5:37  Marine x2, Cyclone, SCV  
  39  5:42  Supply Depot  
  45  5:52  SCV  
  45  5:55  Marine x2  
  47  5:59  Supply Depot  
  47  6:09  Siege Tank  
  47  6:10  SCV  
  51  6:13  Medivac  
  51  6:16  Marine  
  54  6:18  Barracks Reactor  
  54  6:23  SCV  
  55  6:34  Marine  
  56  6:43  Viking  
  59  7:00  Command Center  
  58  7:02  Terran Infantry Weapons Level 1  
  58  7:03  SCV  
  59  7:09  Stimpack  
  59  7:11  Refinery  
  59  7:15  SCV  
  60  7:16  Marine x2  
  60  7:21  Supply Depot  
  62  7:28  SCV  
  63  7:33  Medivac  
  63  7:34  Marine x3  
  68  7:42  SCV  
  69  7:47  Factory Tech Lab  
  69  7:52  Marine x3  
  69  7:54  SCV  
  73  7:58  Barracks  
  73  8:03  Medivac  
  75  8:07  SCV  
  75  8:10  Marine  
  77  8:15  Marine x2  
  79  8:21  SCV  
  80  8:28  Marine  
  80  8:31  Orbital Command  
  80  8:33  Marine  
  82  8:35  Factory Reactor  
  82  8:38  Missile Turret  
  82  8:39  SCV  
  83  8:42  Starport Reactor  
  83  8:43  Marine  
  84  8:51  SCV, Supply Depot  
  84  8:56  Combat Shield  
  84  8:58  Marine x2  
  84  9:00  SCV  
  84  9:01  Marine  
  88  9:03  SCV  
  88  9:08  Supply Depot  
  89  9:12  SCV  
  89  9:16  SCV, Refinery  
  91  9:17  Marine  
  91  9:18  Marine x2  
  91  9:19  Marine  
  91  9:22  Medivac  
  91  9:23  Medivac  
  99  9:24  SCV  
  99  9:29  Widow Mine, Supply Depot  
  101  9:33  Widow Mine  
  101  9:35  Marine x2  
  105  9:38  Marine  
  105  9:39  Refinery  
  105  9:40  Marine  
  107  9:53  Marine x2, SCV  
  107  9:54  SCV  
  107  9:57  Marine  
  107  9:58  Marine  
  113  10:05  Widow Mine  
  113  10:06  Widow Mine  
  114  10:11  Marine x2  
  104  10:22  Armory  

Tags
 
Add a new tag
Caveats
  • Supply blocks, unpowered buildings, or Contaminate may cause inaccurate times.
  • Supply counts are checked every 10 seconds.